 Dungeon Crawl Stone Soup version 0.23-b1-3-gdda8187c6f (webtiles) character file.

Game seed: 15216264229247367190

49 Kagamaro the Insei (level 3, -1/23 HPs)
             Began as an Octopode Transmuter on Jan 31, 2019.
             Slain by Natasha (9 damage)
             ... on level 2 of the Dungeon.
             The game lasted 00:12:15 (948 turns).

Kagamaro the Insei (Octopode Transmuter)             Turns: 948, Time: 00:12:16

Health: -1/23      AC:  1    Str: 10    XL:     3   Next: 75%
Magic:  5/6        EV: 13    Int: 15    God:
Gold:   71         SH:  0    Dex: 12    Spells: 6/7 levels left

rFire    . . .     SeeInvis .     - Unarmed
rCold    . . .     Gourm    .   (no shield)
rNeg     . . .     Faith    .   (helmet restricted)
rPois    .         Spirit   .   (no amulet)
rElec    .         Reflect  .   (no ring)
rCorr    .         Harm     .   (no ring)
MR       .....                  (no ring)
Stlth    ++........             (no ring)
HPRegen  0.07/turn              (no ring)
MPRegen  0.10/turn              (no ring)
                                (no ring)
                                (no ring)

@: appendage (expiring)
A: almost no armour, stealthy swim, amphibious, 8 rings, constrict 8, tentacle
spike 3, camouflage 1, gelatinous body 1
a: End Transformation


You were on level 2 of the Dungeon.
You were not hungry.
One of your tentacles had a temporary spike.
You visited 1 branch of the dungeon, and saw 2 of its levels.

You collected 71 gold pieces.

Inventory:

Missiles
 a - 12 arrows
Jewellery
 h - an uncursed ring of magical power {unknown}
Scrolls
 b - a scroll of magic mapping {unknown}
 e - a scroll of teleportation {unknown}
 i - a scroll of remove curse {unknown}
 j - a scroll of fog {unknown}
Potions
 d - 2 potions of lignification {unknown}
 g - a potion of mutation {unknown}
Comestibles
 c - 3 rations


   Skills:
 + Level 1.0 Fighting
 + Level 2.1 Dodging
 + Level 3.8 Unarmed Combat
 + Level 2.5 Spellcasting
 + Level 2.4 Transmutations


You had 6 spell levels left.
You knew the following spells:

 Your Spells              Type           Power        Failure   Level  Hunger
a - Beastly Appendage     Tmut           #.....       8%          1    #......

Your spell library contained the following spells:

 Spells                   Type           Power        Failure   Level  Hunger
 Sticks to Snakes         Tmut           #.......     12%         2    ###....
 Spider Form              Tmut/Pois      #.........   36%         3    ###....
 Ice Form                 Ice/Tmut       #.......     77%         4    #####..
 Blade Hands              Tmut           #.........   91%         5    ######.


Dungeon Overview and Level Annotations

Branches:
Dungeon (2/15)

Altars:

Annotations:
D:2 Natasha


Innate Abilities, Weirdness & Mutations

You cannot wear most types of armour.
You are very stealthy in the water. (Stealth+)
You are amphibious.
You can wear up to eight rings at the same time.
You can use your tentacles to constrict eight enemies at once.
Your skin changes colour to match your surroundings (Stealth+).
Your rubbery body absorbs attacks. (AC +1, EV +1)
One of your tentacles bears a large vicious spike.


Message History

Some of the chunks of flesh in your inventory have rotted away.
All of the chunks of flesh in your inventory have rotted away.
Natasha, Servant of Life and Death comes into view.
Found 7 stones.
You start resting.
HP restored.
Natasha hisses angrily.
Natasha casts a spell at you. The magic dart hits you!
Casting: Beastly Appendage (safe; 8% risk of failure)
Confirm with . or Enter, or press ? or * to list all spells.
One of your tentacles grows a vicious spike.
Your transformation is almost over.
You start resting.
Natasha is too close now for your liking.
Natasha claws you!
You tentacle-slap Natasha but do no damage.
Your grab misses Natasha.
Your tentacle spike misses Natasha.
Your squeeze misses Natasha. Natasha claws you!
You die...

.##.# ..#.#
..#.### #...h.
#...# #######...#
#.h.......#####
#@#####.#.#...#
#.#.....#.#.#.####
#.#.##..#.#.#...<#
#.#.....#>#.#..###
#.#..#......#.....
#.#..########.####
#.#...........)
#(##.########.#
#.##.# ..#


You could see Natasha.

Vanquished Creatures
  Natasha (D:2)
  An ooze (D:1)
  2 ball pythons (D:1)
  2 giant cockroaches (D:1)
  A goblin (D:1)
  3 hobgoblins (D:1)
  4 kobolds (D:1)
  3 bats (D:1)
  3 frilled lizards (D:1)
  A rat (D:1)
21 creatures vanquished.

Notes
Turn   | Place    | Note
-------+----------+-------------------------------------------
     0 | D:1      | Kagamaro the Octopode Transmuter began the quest for the
                  | Orb.
     0 | D:1      | Reached XP level 1. HP: 13/13 MP: 3/3
   146 | D:1      | Reached XP level 2. HP: 18/18 MP: 3/5
   524 | D:1      | Reached XP level 3. HP: 23/23 MP: 4/6
   700 | D:2      | Noticed Natasha
   706 | D:2      | Killed Natasha
   796 | D:2      | Noticed Natasha
   948 | D:2      | Slain by Natasha

Action                   || total
-------------------------++-------
Melee: Unarmed           ||    35
       Constrict         ||    11
       Kick              ||     8
       Tentacles         ||     6
       Punch             ||     4
 Cast: Beastly Appendage ||    16
 Stab: Sleeping          ||     3
Armor: Skin              ||     3
Dodge: Dodged            ||    20
